 Dungeon Crawl Stone Soup version 0.30-a0-1082-g70414cbcbb (webtiles) character file.

Game seed: 9269856674152468889

114 jimonade the Chiller (level 4, -1/32 HPs)
             Began as a Barachi Ice Elementalist on Apr 15, 2023.
             Killed from afar by Sigmund (17 damage)
             ... with a puff of flame
             ... on level 2 of the Dungeon.
             The game lasted 00:06:14 (2077 turns).

jimonade the Chiller (Barachi Ice Elementalist)     Turns: 2077, Time: 00:06:14

Health: -1/32      AC:  2    Str:  9    XL:     4   Next: 97%
Magic:  8/8        EV: 12    Int: 16    God:
Gold:   138        SH:  0    Dex: 14    Spells: 1/8 levels left

rFire   . . .      SeeInvis .    a - +2 whip (elec)
rCold   . . .      Faith    .    (no shield)
rNeg    . . .      Spirit   .    f - +0 robe
rPois   +          Reflect  .    (no helmet)
rElec   .          Rampage  .    (no cloak)
rCorr   .                        (no gloves)
Will    .....                    (no boots)
Stlth   ++                       (no amulet)
HPRegen 0.25/turn                m - ring of poison resistance
MPRegen 0.11/turn                (no ring)

@: unable to hop, slow
A: amphibious, slowness 1, strong legs 1, +LOS
a: Hop


You were on level 2 of the Dungeon.
You visited 1 branch of the dungeon, and saw 3 of its levels.

You collected 138 gold pieces.

Inventory:

Hand Weapons
 a - a +2 whip of electrocution (weapon)
 b - a +2 dagger of holy wrath
 h - a +0 hand axe
 i - a +0 dagger
 x - a +0 flail
Missiles
 g - 27 stones
 q - 6 poisoned darts
 r - 5 boomerangs
 z - 5 javelins
Armour
 f - a +0 robe (worn)
 y - a +0 chain mail
 A - a +0 ring mail
Magical Staves
 k - a staff of fire
 l - a staff of conjuration
Jewellery
 m - a ring of poison resistance (left hand)
Scrolls
 c - 2 scrolls of blinking {unknown}
 d - a scroll of enchant armour {unknown}
 p - a scroll of magic mapping {unknown}
 t - a scroll of fog {unknown}
 u - 8 scrolls of identify {unknown}
 v - a scroll of amnesia {unknown}
 B - a scroll of poison {unknown}
Potions
 e - a potion of cancellation {unknown}
 j - a potion of berserk rage {unknown}
 n - a potion of ambrosia {unknown}
 o - a potion of magic
 s - a potion of haste {unknown}
 w - 2 potions of flight {unknown}
 C - a potion of degeneration {unknown}


   Skills:
 + Level 1.4 Fighting
 + Level 1.3 Maces & Flails
 + Level 2.5 Dodging
 + Level 2.2 Stealth
 + Level 2.9 Spellcasting
 * Level 6.0 Ice Magic


You had one spell level left.
You knew the following spells:

 Your Spells              Type           Power      Damage    Failure   Level
a - Freeze                Ice            84%        1d9       1%          1
b - Ozocubu's Armour      Ice            21%        N/A       4%          3
c - Frozen Ramparts       Ice            42%        1d7       4%          3

Your spell library contained the following spells:

 Spells                   Type           Power      Damage    Failure   Level
 Poisonous Vapours        Pois/Air       4%         N/A       28%         2
 Mephitic Cloud           Conj/Pois/Air  2%         N/A       50%         3
 Summon Ice Beast         Ice/Summ       11%        N/A       50%         4
 Freezing Cloud           Conj/Ice/Air   4%         6-21      93%         5


Dungeon Overview and Level Annotations

Branches:
Dungeon (3/15)

Altars:

Annotations:
D:2 Sigmund


Innate Abilities, Weirdness & Mutations

You are amphibious.
You cover ground slowly.
You can hop short distances.
You have an extended range of vision and can be seen from far away.


Message History

Sigmund hits you with a +0 scythe of freezing!
Sigmund freezes you.
There is a stone staircase leading up, spattered with blood here.
Sigmund drinks a potion.
Sigmund's spells are empowered!
You climb upwards.
There is a stone staircase leading down here.
Casting: Ozocubu's Armour (dangerous; 4% risk of failure)
Confirm with . or Enter, or press ? or * to list all spells.
Okay, then.
Unknown command.
Casting: Ozocubu's Armour (dangerous; 4% risk of failure)
Confirm with . or Enter, or press ? or * to list all spells.
Okay, then.
Unknown command.
Unknown command.
Casting: Ozocubu's Armour (dangerous; 4% risk of failure)
Confirm with . or Enter, or press ? or * to list all spells.
You don't know that spell.
You barely miss Sigmund.
Sigmund mumbles some strange words.
Sigmund flickers and vanishes!
Deactivating autopickup; reactivate with Ctrl-A.
You barely miss something. Something barely misses you.
Unknown command.
Unknown command.
Unknown command.
Casting: Ozocubu's Armour (dangerous; 4% risk of failure)
Confirm with . or Enter, or press ? or * to list all spells.
Okay, then.
Unknown command.
Hop to where?
Press: ? - help, Dir - move target Boing!
Something barely misses you. Something hits you! Something freezes you.
You hear some strange, mumbled words.
Something tries to affect you, but you resist.
A puff of flame appears from out of thin air!
The puff of flame hits you!
Ouch! That really hurt!
You die...

#..... ####### ######### #.....
#.....# #.......# #.....
#.###.### ##.......# #.....
#.†.#.#>## #........# ##....
###.#.#..# #......### #....
#.#....## #......######....
#.......#######..........##....
#####.#....{..@................
#######.#.#####.#..........######
..........# #.#......#'###
.######.### #.#......#.# ....#
#.# #.#......#.# ....# #.#
##'#......#.# ....# #.#
#.......#)#.# ....# #.#
#.......#<#.# ....###.#
#.......###.#


There were no monsters in sight!

Vanquished Creatures
  Terence (D:2)
  3 adders
  4 dart slugs
  6 ball pythons
  5 bats
  2 endoplasms (D:1)
  6 hobgoblins
  6 jackals (D:2)
  5 kobolds
  2 quokkas (D:2)
  2 frilled lizards (D:1)
  5 goblins
  6 rats (D:1)
53 creatures vanquished.

Notes
Turn   | Place    | Note
-------+----------+-------------------------------------------
     0 | D:1      | jimonade the Barachi Ice Elementalist began the quest for
                  | the Orb.
     0 | D:1      | Reached XP level 1. HP: 13/13 MP: 3/3
    38 | D:1      | Reached skill level 5 in Ice Magic
   239 | D:1      | Reached XP level 2. HP: 17/19 MP: 0/5
   569 | D:1      | Reached XP level 3. HP: 24/25 MP: 6/6
   947 | D:2      | Reached skill level 1 in Fighting
  1003 | D:2      | Learned a level 3 spell: Ozocubu's Armour
  1007 | D:2      | Learned a level 3 spell: Frozen Ramparts
  1213 | D:2      | Reached XP level 4. HP: 32/32 MP: 0/7
  1292 | D:2      | Found a faded altar of an unknown god.
  1351 | D:2      | Noticed Terence
  1367 | D:2      | Killed Terence
  1368 | D:2      | Reached skill level 1 in Maces & Flails
  1743 | D:3      | Noticed Sigmund
  2035 | D:3      | Reached skill level 6 in Ice Magic
  2077 | D:2      | Killed from afar by Sigmund

Illustrated notes

Levels and vault maps discovered:
D:1:      mrwooster_arrival_arrow, layout_rooms
D:2:      layout_basic, ebering_ecumenical_altar_sacrificial, uniq_terence
D:3:      layout_basic, uniq_sigmund

Skill      XL: |  1  2  3  4 |
---------------+-------------+-----
Ice Magic      | 5 6 |  6.0
Stealth        | 2 |  2.2
Fighting       | 1 |  1.4
Maces & Flails | 1 |  1.3
Dodging        | |  2.5
Spellcasting   | |  2.9

Action                     |  1- 3 |  4- 6 || total
---------------------------+-------+-------++-------
  Melee: Dagger            |    21 |       ||    21
         Whip              |    51 |    35 ||    86
         Punch             |       |     1 ||     1
  Throw: Stone             |     2 |       ||     2
   Cast: Freeze            |    21 |     1 ||    22
         Ozocubu's Armour  |     1 |     5 ||     6
         Frozen Ramparts   |     1 |     2 ||     3
Ability: Hop               |       |     1 ||     1
   Stab: Sleeping          |     5 |       ||     5
 Armour: Robe              |    11 |    11 ||    22
  Dodge: Dodged            |    46 |    29 ||    75

Table legend: (Time is in decaauts)
 A = Elapsed time spent in this place.
 B = Non-inter-level travel time spent in this place.
 C = Inter-level travel time spent in this place.
 D = Time resting spent in this place.
 E = Time spent auto-exploring this place.
 F = Levels seen in this place.
 G = Mean time per level.
                   A        B        C        D        E       F      G
               +--------+--------+--------+--------+--------+-----+--------+
         Total |   2343 |   2138 |    205 |     63 |   1283 |   3 |  781.0 |
       Dungeon |   2343 |   2138 |    205 |     63 |   1283 |   3 |  781.0 |
               +--------+--------+--------+--------+--------+-----+--------+

Top non-repeatable levels by time:
     D:2: 1115 daAuts
     D:1: 895 daAuts
     D:3: 332 daAuts
